 Dungeon Crawl Stone Soup version 0.31.0-9-g3a7656b989 (webtiles) character file.

Game seed: 12519818142227258452

212 qw the Shooter (level 5, -3/28 HPs)
             Began as a Spriggan Hunter on Feb 2, 2024.
             Slain by a gnoll
             ... wielding a +0 halberd
              (12 damage)
             ... on level 4 of the Dungeon.
             The game lasted 00:00:08 (2613 turns).

qw the Shooter (Spriggan Hunter)                    Turns: 2613, Time: 00:00:08

Health: -3/28      AC:  2    Str:  7    XL:     5   Next: 58%
Magic:  6/6        EV: 20    Int: 10    God:
Gold:   183        SH:  0    Dex: 21    Spells: 4/4 levels left

rFire   . . .        a - +0 shortbow
rCold   . . .        (shield currently unavailable)
rNeg    + . .        c - +0 robe
rPois   .            (helmet restricted)
rElec   .            (no cloak)
rCorr   .            (gloves unavailable)
SInv    +            (boots unavailable)
Will    .....        (no amulet)
Stlth   ++           e - ring of positive energy
HPRegen 0.24/turn    (no ring)
MPRegen 0.10/turn

%: no passive effects
@: very quick
A: very small, no large weapons, unfitting armour, see invisible, speed 3
a: no special abilities


You were on level 4 of the Dungeon.
You visited 1 branch of the dungeon, and saw 4 of its levels.

You collected 183 gold pieces.


Innate Abilities, Weirdness & Mutations

You are very small and have problems with some larger weapons.
You are too small for most types of armour.
You have supernaturally acute eyesight. (SInv)
You cover ground extremely quickly. (Speed+++)


   Skills:
 - Level 2.9 Fighting
 + Level 5.3 Ranged Weapons
 - Level 5.0 Dodging
 - Level 1.5 Stealth


You had 4 spell levels left.
You didn't know any spells.
Your spell library was empty.

Inventory:

Hand Weapons
 a - a +0 shortbow (weapon)
Armour
 c - a +0 robe (worn)
Jewellery
 e - a ring of positive energy (left hand)
Potions
 b - a potion of curing
 g - a potion of lignification {unknown}
 i - a potion of mutation {unknown}

Dungeon Overview and Level Annotations

Branches:
Dungeon (4/15)
 Temple: D:4-7

Altars:
Cheibriados

Shops:
D:2 (


Message History

You shoot an arrow. The arrow hits the goblin!
You kill the goblin!
A goblin comes into view. It is wielding a +0 club.
Found a scroll labelled ZAPSEH QATA.
You shoot an arrow. The arrow hits the goblin.
The goblin shouts!
The goblin is severely wounded.
You hear a shout!
You shoot an arrow.
The arrow hits the goblin but does no damage.
The goblin is severely wounded.
You shoot an arrow. The arrow hits the goblin.
You kill the goblin! 2 gnolls come into view.
A gnoll is wielding a +0 vampiric halberd.
A gnoll is wielding a +1 flail of holy wrath.
Found a stone staircase leading down.
The gnoll shouts!
You shoot an arrow. The arrow hits the gnoll.
The gnoll is lightly wounded.
You shoot an arrow. The arrow hits the gnoll!
The gnoll is almost dead.
A gnoll comes into view.
It is wielding a +0 halberd and quivering a throwing net.
You shoot an arrow. The arrow barely misses the gnoll.
The gnoll shouts!
You shoot an arrow. The arrow hits the gnoll!
You kill the gnoll!
The gnoll throws a throwing net.
The throwing net hits you.
You become entangled in the net!
The gnoll hits you from afar with a +0 vampiric halberd!
You struggle against the net.
The gnoll barely misses you.
You struggle against the net.
The gnoll hits you from afar with a +0 vampiric halberd!
You struggle against the net.
The gnoll closely misses you.
You shred the net and break free! The gnoll completely misses you. x2
You shoot an arrow. The arrow closely misses the gnoll.
The gnoll hits you from afar with a +0 halberd!
You die...

#.# # #.#.# #.#.#
#.#.# # ####...#
.##.##......##
.....g.##.#..#
...?)g.@.....#
.##.##.##..#.##
#> #.....# #.
#.###.######7.
#.##)# #.........
.....####.#.....#
#.#..............
....####..######.
#.## #..#


You could see 2 gnolls.

Vanquished Creatures
  An ogre (D:3)
  Jessica (D:2)
  4 gnolls
  2 adders (D:2)
  A dart slug (D:1)
  A ribbon worm (D:2)
  An orc (D:3)
  2 bats
  3 endoplasms
  4 giant cockroaches
  6 goblins
  A hobgoblin (D:3)
  2 jackals (D:1)
  3 quokkas
  2 ball pythons
  4 frilled lizards
  5 kobolds
  4 rats
47 creatures vanquished.

Notes
Turn   | Place    | Note
-------+----------+-------------------------------------------
     0 | D:1      | qw the Spriggan Hunter began the quest for the Orb.
     0 | D:1      | Reached XP level 1. HP: 10/10 MP: 2/2
     0 | D:1      | 0 ||| qw: Version: 0.3-a-155-g5e7d8dd
     0 | D:1      | 0 ||| qw: Game counter: 2446
     0 | D:1      | 0 ||| qw: Melee chars always use a shield: true
     0 | D:1      | 0 ||| qw: God list: Okawaru
     0 | D:1      | 0 ||| qw: Allow faded altars: false
     0 | D:1      | 0 ||| qw: Do Orc after clearing Dungeon:15 true
     0 | D:1      | 0 ||| qw: Do second Lair branch before Depths: true
     0 | D:1      | 0 ||| qw: Lair rune preference: random
     0 | D:1      | 0 ||| qw: Goals: Normal
     0 | D:1      | 0 ||| PLANNING D:1-11
   136 | D:1      | Reached skill level 3 in Dodging
   187 | D:1      | Reached XP level 2. HP: 14/14 MP: 3/3
   685 | D:1      | 685 ||| READING scroll labelled YSSOROP XIMI.
   685 | D:1      | 685 ||| ENCHANTING +0 shortbow.
   686 | D:1      | 686 ||| READING scroll labelled ROTOSCH WARIG.
   687 | D:1      | 687 ||| DROPPING scroll of butterflies.
   765 | D:2      | Found Kycsor's Antique Weapon Boutique.
   781 | D:2      | 781 ||| FLEEEEING.
   782 | D:2      | 782 ||| FLEEEEING.
   783 | D:2      | 783 ||| FLEEEEING.
   784 | D:2      | 784 ||| FLEEEEING.
   786 | D:2      | 786 ||| FLEEEEING.
   796 | D:2      | Reached XP level 3. HP: 13/18 MP: 4/4
   797 | D:2      | 797 ||| FLEEEEING.
   798 | D:2      | 798 ||| FLEEEEING.
   799 | D:2      | 799 ||| FLEEEEING.
   800 | D:2      | 800 ||| FLEEEEING.
   801 | D:2      | 801 ||| FLEEEEING.
   802 | D:2      | 802 ||| FLEEEEING.
   805 | D:2      | 805 ||| STAIRDANCE
   893 | D:2      | Noticed Jessica
   895 | D:2      | 895 ||| FLEEEEING.
   896 | D:2      | 896 ||| FLEEEEING.
   897 | D:2      | 897 ||| FLEEEEING.
   898 | D:2      | 898 ||| FLEEEEING.
   899 | D:2      | 899 ||| FLEEEEING.
   900 | D:2      | 900 ||| FLEEEEING.
   901 | D:2      | 901 ||| FLEEEEING.
   902 | D:2      | 902 ||| FLEEEEING.
   903 | D:2      | 903 ||| FLEEEEING.
   904 | D:2      | 904 ||| FLEEEEING.
   905 | D:2      | 905 ||| FLEEEEING.
   906 | D:2      | 906 ||| FLEEEEING.
   907 | D:2      | 907 ||| FLEEEEING.
   908 | D:2      | 908 ||| FLEEEEING.
   910 | D:2      | 910 ||| STAIRDANCE
   912 | D:1      | 912 ||| READING scroll labelled UBBU WEYQUE.
   916 | D:2      | 916 ||| STAIRDANCE
   975 | D:2      | Killed Jessica
   976 | D:2      | Reached XP level 4. HP: 22/22 MP: 5/5
  1033 | D:2      | Found a faded altar of an unknown god.
  1554 | D:2      | 1554 ||| READING scroll labelled ASKUHO ALOOLA.
  1655 | D:2      | 1655 ||| READING scroll labelled ZATEAKHISS.
  1656 | D:2      | 1656 ||| READING scroll labelled YCAUT HEWAS.
  1657 | D:2      | 1657 ||| READING 2 scrolls labelled SORRAO FUJOJAE.
  1758 | D:2      | 1758 ||| DROPPING scroll of vulnerability.
  1807 | D:3      | Found a snail-covered altar of Cheibriados.
  1818 | D:3      | Noticed an ogre
  1824 | D:3      | Killed an ogre
  1825 | D:3      | Reached XP level 5. HP: 28/28 MP: 6/6
  1995 | D:3      | Identified the +8 dagger of Royalism {freeze, Str+4 Int+3}
  2430 | D:3      | 2430 ||| UPGRADING to ring of positive energy.
  2431 | D:3      | 2431 ||| DROPPING ring of wizardry.
  2432 | D:3      | 2432 ||| READING scroll of identify.
  2432 | D:3      | 2432 ||| IDENTIFYING sapphire potion
  2433 | D:3      | 2433 ||| READING scroll labelled IMIUMI TYSOWILURIE.
  2436 | D:3      | 2436 ||| READING scroll labelled DUC POXUGERILO.
  2438 | D:3      | 2438 ||| Stepping ~*~*~tactically~*~*~ (cloud).
  2613 | D:4      | Slain by a gnoll

Levels and vault maps discovered:
D:1:      ebering_hopf_link, layout_loops_ring, kennysheep_boxes
D:2:      layout_loops_ring, basic_ecumenical_altar, serial_shops,
          nicolae_shop_dealshenge, nicolae_twisty_statue_hallways, uniq_jessica
D:3:      layout_basic, lemuel_tele_altar
D:4:      layout_loops_ring, kennysheep_ying_yang, kennysheep_another_room,
          uniq_sigmund

Skill      XL: |  1  2  3  4 |
---------------+-------------+-----
Dodging        | 3 4 5 |  5.0
Ranged Weapons | 5 |  5.3
Fighting       | 2 |  2.9
Stealth        | |  1.5

Action                     |  1- 3 |  4- 6 || total
---------------------------+-------+-------++-------
   Fire: Shortbow          |    66 |    65 ||   131
    Use: Scroll            |     3 |     7 ||    10
 Armour: Robe              |     7 |     4 ||    11
  Dodge: Dodged            |    25 |     7 ||    32

Table legend:
 A = Non-vault XP
 B = Vault XP
 C = Vault XP percentage of total XP
 D = Non-vault monster count
 E = Vault monster count
 F = Vault count percentage of total count
                 A         B        C        D         E       F
            +---------+---------+-------+---------+---------+-------
      Total |     267 |      37 |  12.2 |      46 |       1 |   2.1
            +---------+---------+-------+---------+---------+-------
        D:1 |      22 |       0 |   0.0 |      12 |       0 |   0.0
        D:2 |      89 |      37 |  29.4 |      17 |       1 |   5.6
        D:3 |     132 |       0 |   0.0 |      11 |       0 |   0.0
        D:4 |      24 |       0 |   0.0 |       6 |       0 |   0.0
            +---------+---------+-------+---------+---------+-------
